 Dungeon Crawl Stone Soup version 0.31.0-12-g77e489cdc1 (webtiles) character file.

Game seed: 2380692929296018935

219 KKCryptic the Chopper (level 5, -2/45 HPs)
             Began as a Minotaur Fighter on Feb 16, 2024.
             Splashed by a jelly's acid (8 damage)
             ... on level 4 of the Dungeon.
             The game lasted 00:07:19 (2915 turns).

KKCryptic the Chopper (Minotaur Fighter)            Turns: 2915, Time: 00:07:20

Health: -2/45      AC: -8    Str: 23    XL:     5   Next: 64%
Magic:  4/4        EV:  9    Int:  5    God:
Gold:   159        SH:  4    Dex:  9    Spells: 4/4 levels left

rFire   . . .        a - +1 war axe
rCold   . . .        c - +0 buckler
rNeg    . . .        b - +1 scale mail
rPois   .            (helmet restricted)
rElec   .            (no cloak)
rCorr   .            (no gloves)
SInv    .            (no boots)
Will    .....        (no amulet) Stlth
                     (no ring)
HPRegen 0.27/turn    (no ring)
MPRegen 0.09/turn

%: no passive effects
@: corroded
A: horns 2, retaliatory headbutt
a: no special abilities


You were on level 4 of the Dungeon.
You visited 1 branch of the dungeon, and saw 4 of its levels.

You collected 159 gold pieces.

Inventory:

Hand Weapons
 a - a +1 war axe (weapon)
Missiles
 n - 6 poisoned darts (quivered)
 r - 5 javelins
Armour
 b - a +1 scale mail (worn)
 c - a +0 buckler (worn)
Wands
 s - a wand of digging (1)
Scrolls
 e - a scroll of acquirement {unknown}
 g - a scroll of butterflies {unknown}
 h - a scroll of teleportation {unknown}
 i - a scroll of blinking {unknown}
 j - a scroll of noise {unknown}
 k - a scroll of enchant weapon
 l - a scroll of enchant armour
 m - a scroll of immolation
 q - a scroll of fog {unknown}
 t - a scroll of brand weapon {unknown}
Potions
 d - a potion of might
 f - 2 potions of heal wounds {unknown}
 p - a potion of berserk rage {unknown}


   Skills:
 - Level 3.6 Fighting
 + Level 7.2 Axes
 - Level 3.6 Armour
 - Level 3.6 Shields


You had 4 spell levels left.
You didn't know any spells.
Your spell library contained the following spells:

 Spells                   Type           Power      Damage    Failure   Level
 Gell's Gravitas          Tloc           0%         N/A       99%         3
 Teleport Other           Tloc           0%         N/A       99%         3
 Dispersal                Tloc           0%         N/A       100%        6


Dungeon Overview and Level Annotations

Branches:
Dungeon (4/15)
 Temple: D:4-7

Altars:
Makhleb
Uskayaw

Shops:
D:3 [[

Annotations:
D:3 2 transporters, FoolsGold's ghost, amateur GrEE


Innate Abilities, Weirdness & Mutations

You have a pair of horns on your head.
You reflexively headbutt those who attack you in melee.


Message History

Throw: 10 darts (poison)
Press: ? - help, Q - select action, (/) - cycle Shift-Dir - straight line, f/p - jelly
Aim: a jelly (poisoned, 87% to hit)
You throw a poisoned dart. The poisoned dart hits the jelly.
Throw: 9 darts (poison)
Press: ? - help, Q - select action, (/) - cycle Shift-Dir - straight line, f/p - jelly
Aim: a jelly (lightly wounded, poisoned, 87% to hit)
You throw a poisoned dart. The poisoned dart hits the jelly.
The jelly is lightly wounded.
Throw: 8 darts (poison)
Press: ? - help, Q - select action, (/) - cycle Shift-Dir - straight line, f/p - jelly
Aim: a jelly (lightly wounded, poisoned, 87% to hit)
You throw a poisoned dart. The poisoned dart hits the jelly.
The jelly is lightly wounded.
Throw: 7 darts (poison)
Press: ? - help, Q - select action, (/) - cycle Shift-Dir - straight line, f/p - jelly
Aim: a jelly (lightly wounded, poisoned, 87% to hit)
You throw a poisoned dart. The poisoned dart hits the jelly.
The jelly is lightly wounded.
The jelly looks more healthy.
You hit the jelly. The acid corrodes you!
Your hands burn!
The jelly is moderately wounded.
You block the jelly's attack.
You hit the jelly.
Your hands burn!
The jelly is moderately wounded.
The jelly hits you.
You are splashed with acid!
You hit the jelly but do no damage. The acid corrodes you!
Your hands burn!
The jelly is moderately wounded.
The jelly jiggles.
The jelly barely misses you.
You are too injured to fight recklessly!
You are too injured to fight recklessly!
You slash the jelly! The acid corrodes you!
Your hands burn!
The jelly is almost dead.
The jelly hits you.
You are splashed with acid!
* * * LOW HITPOINT WARNING * * *
The jelly hits you.
* * * LOW HITPOINT WARNING * * *
The acid corrodes you!
You are splashed with acid!
You die...

#....#..............
#....#..............
#....#..............
#....#..)(..........
#....#............##
#....#............#
#....#####'#......#
#..........#......#
#..@.......#......#
#..J.......#......#
#..(.....>.#......#
#..(.......#......#
#..(###+#### #..(#
#..(. #....


You could see a jelly.

Vanquished Creatures
  A bombardier beetle (D:4)
  An orc wizard (D:4)
  Robin (D:2)
  3 gnolls (D:2)
  2 adders
  2 adder skeletons (D:2)
  2 dart slugs (D:4)
  6 orcs
  4 bats
  9 endoplasms
  2 giant cockroaches (D:4)
  11 goblins
  9 hobgoblins
  2 jackals (D:4)
  5 quokkas
  8 ball pythons
  2 ball python skeletons (D:2)
  A ball python zombie (D:2)
  2 frilled lizards
  5 kobolds
  5 rats
83 creatures vanquished.

Notes
Turn   | Place    | Note
-------+----------+-------------------------------------------
     0 | D:1      | KKCryptic the Minotaur Fighter began the quest for the Orb.
     0 | D:1      | Reached XP level 1. HP: 19/19 MP: 0/0
    98 | D:1      | Reached skill level 3 in Axes
   194 | D:1      | Reached XP level 2. HP: 26/26 MP: 1/1
   743 | D:2      | Reached skill level 4 in Axes
   787 | D:2      | Noticed Robin
   792 | D:2      | Reached XP level 3. HP: 28/31 MP: 2/2
   800 | D:2      | Killed Robin
   934 | D:2      | Reached skill level 5 in Axes
   937 | D:2      | Reached XP level 4. HP: 35/39 MP: 3/3
  1667 | D:3      | Reached skill level 6 in Axes
  1778 | D:3      | Found Qylunius's Armour Boutique.
  1787 | D:3      | Found Sihoh's Antique Armour Boutique.
  1829 | D:3      | Found a hide-covered altar of Uskayaw.
  1829 | D:3      | Found a burning altar of Makhleb.
  2174 | D:3      | Found a transporter.
  2182 | D:3      | Found a transporter.
  2182 | D:3      | Noticed FoolsGold's ghost (amateur GrEE)
  2570 | D:4      | Reached XP level 5. HP: 39/45 MP: 4/4
  2880 | D:4      | Reached skill level 7 in Axes
  2915 | D:4      | Splashed by a jelly's acid

Illustrated notes

Levels and vault maps discovered:
D:1:      dpeg_arrival_rooms_b, layout_basic, st_stairs_2
D:2:      layout_loops_cross, serial_undead, serial_undead_d, serial_undead_f,
          serial_undead_d, serial_undead_d, serial_undead_c, serial_undead_d,
          kennysheep_small_spiral, uniq_robin
D:3:      layout_basic, nicolae_overflow_two_pavilions, serial_shops, shop,
          shop, gammafunk_ghost_arena
D:4:      layout_gridville, uniq_menkaure

Skill      XL: |  1  2  3  4  5 |
---------------+----------------+-----
Axes           | 3 4 5 6 7 |  7.2
Fighting       | |  3.6
Armour         | |  3.6
Shields        | |  3.6

Action                     |  1- 3 |  4- 6 || total
---------------------------+-------+-------++-------
  Melee: War axe           |    65 |    90 ||   155
         Headbutt          |     8 |     2 ||    10
  Throw: Stone             |       |    38 ||    38
         Dart              |       |     9 ||     9
    Use: Scroll            |       |     3 ||     3
 Armour: Scale mail        |    45 |    58 ||   103
  Dodge: Dodged            |    26 |    35 ||    61
  Block: Buckler           |    24 |    18 ||    42
